 Dungeon Crawl Stone Soup version 0.30-a0-782-ge64f9170bb (webtiles) character file.

Game seed: 16226619126049746751

2942 0netwelve the Cleaver (level 9, -3/81 HPs)
             Began as a Hill Orc Monk on Feb 26, 2023.
             Was a Believer of the Shining One.
             Slain by an entropy weaver (shapeshifter) (10 damage)
             ... on level 9 of the Dungeon.
             The game lasted 00:18:25 (3724 turns).

0netwelve the Cleaver (Hill Orc Monk)               Turns: 3724, Time: 00:18:26

Health: -3/81      AC: 13    Str: 22    XL:     9   Next: 80%
Magic:  0/13       EV:  7    Int: 10    God:    the Shining One [**....]
Gold:   262        SH:  8    Dex: 15    Spells: 8/8 levels left

rFire   . . .      SeeInvis .    A - +3 war axe
rCold   . . .      Faith    .    (no shield)
rNeg    + . .      Spirit   +    k - +0 plate armour
rPois   +          Reflect  .    y - +2 helmet
rElec   .          Harm     .    (no cloak)
rCorr   .          Rampage  .    (no gloves)
Will    .....                    (no boots) Stlth
                                 d - amulet of guardian spirit
HPRegen 0.33/turn                p - +6 ring of strength
MPRegen 0.13/turn                t - ring of poison resistance

@: divinely shielded, glowing
A: no striking features
a: Renounce Religion, Divine Shield


You were on level 9 of the Dungeon.
You worshipped the Shining One.
The Shining One was pleased with you.
You visited 2 branches of the dungeon, and saw 10 of its levels.
You also visited: Sewer and Bailey.

You collected 262 gold pieces.

Inventory:

Hand Weapons
 a - a +0 hand axe
 c - a +0 whip of electrocution
 h - a -1 eveningstar
 j - the +12 quarterstaff "Ohuasie" {freeze, Stlth+}
   (You found it on level 2 of the Dungeon)

   Stlth:     It makes you more stealthy.
 q - a +2 scimitar of freezing
 z - a +1 halberd of protection
 A - a +3 war axe (weapon)
Missiles
 e - 4 silver javelins
 i - 16 poisoned darts (quivered)
Armour
 b - a +0 robe
 f - a +0 ring mail
 k - a +0 plate armour (worn)
 s - a +0 scale mail
 y - a +2 helmet (worn)
Jewellery
 d - an amulet of guardian spirit (around neck)
 l - a ring of protection from fire
 p - a +6 ring of strength (left hand)
 t - a ring of poison resistance (right hand)
 x - a ring of protection from cold
Wands
 D - a wand of roots (10)
Scrolls
 g - 3 scrolls of teleportation
 n - 2 scrolls of enchant weapon {unknown}
 o - a scroll of enchant armour
 r - a scroll of identify
 u - 2 scrolls of butterflies {unknown}
 B - 2 scrolls of blinking
 C - a scroll of poison
 E - a scroll of amnesia
Potions
 m - a potion of haste {unknown}
 v - a potion of mutation {unknown}
 w - 2 potions of resistance {unknown}
 F - a potion of heal wounds {unknown}
 G - 2 potions of attraction {unknown}


   Skills:
 + Level 8.1 Fighting
 + Level 13.9 Axes
 - Level 2.8 Staves
 - Level 2.4 Dodging
 - Level 1.5 Stealth
 - Level 5.6 Invocations


You had 8 spell levels left.
You didn't know any spells.
Your spell library contained the following spells:

 Spells                   Type           Power      Damage    Failure   Level
 Frozen Ramparts          Ice            0%         1d1       100%        3
 Ice Form                 Ice/Tmut       0%         N/A       100%        4
 Summon Ice Beast         Ice/Summ       0%         N/A       100%        4


Dungeon Overview and Level Annotations

Branches:
Dungeon (9/15)             Temple (1/1) D:4           Sewer (visited)
 Bailey (visited)
   Lair: D:8-11         Orc: D:9-12

Altars:
Ashenzari
Cheibriados
Dithmenos
Elyvilon
Gozag
Makhleb
Qazlal
Sif Muna
Wu Jian
Yredelemnul
Zin
The Shining One

Annotations:
D:2 Natasha
D:4 Sigmund
D:9 1 runed translucent door


Message History

You slice the entropy weaver!!
The entropy weaver is severely wounded.
The entropy weaver hits you.
The entropy weaver completely misses you.
The entropy weaver hits you but does no damage.
You block the entropy weaver's attack.
You hit the entropy weaver.
The entropy weaver is severely wounded.
The entropy weaver closely misses you.
You block the entropy weaver's attack. x2
The entropy weaver closely misses you.
You closely miss the entropy weaver.
The entropy weaver is severely wounded.
The entropy weaver hits you but does no damage.
The entropy weaver hits you. x2
The entropy weaver hits you but does no damage.
You hit the entropy weaver.
The entropy weaver is severely wounded.
The entropy weaver hits you! You block the entropy weaver's attack.
The entropy weaver hits you but does no damage. x2
You slash the entropy weaver!
The entropy weaver is almost dead.
The entropy weaver barely misses you.
You block the entropy weaver's attack. x2
The entropy weaver hits you!
You hit the entropy weaver but do no damage.
The entropy weaver is almost dead.
The entropy weaver hits you.
* * * LOW HITPOINT WARNING * * *
The entropy weaver hits you.
* * * LOW HITPOINT WARNING * * *
You block the entropy weaver's attack. The entropy weaver hits you.
* * * LOW HITPOINT WARNING * * *
Okay, then.
You barely miss the entropy weaver.
The entropy weaver is almost dead.
The entropy weaver hits you!
* * * LOW HITPOINT WARNING * * *
The entropy weaver hits you.
* * * LOW HITPOINT WARNING * * *
The entropy weaver barely misses you. The entropy weaver hits you!
You die...

...'.###..... ...#)....#
###### ...#.....# .#..#
...#.....# +.. #..#.....#
#'## ####.....# #..#
.........# #(.#
.........# #B##
.........# #@.# .#
.........# #..# ..#+
.........########'#.....
.........................
.........................
.........................
.############.......####.
.# #.......# .#
#.........


You could see an entropy weaver shaped shifter.

Vanquished Creatures
  Prince Ribbit (D:6)
  2 ice beasts (D:6)
  An orc warrior (D:8)
  A black bear (D:4)
  A sky beast (D:6)
  An ogre (D:5)
  4 wolves (D:8)
  Blork the orc (D:6)
  2 kobold brigands
  A bullfrog (D:4)
  4 scorpions
  8 wights
  6 killer bees (D:7)
  2 howler monkeys
  A jelly (D:7)
  An orc priest (D:8)
  3 hounds (D:8)
  4 iguanas
  4 orc wizards
  6 gnolls
  7 adders
  3 river rats
  A shadow imp (D:8)
  An ufetubus (D:5)
  2 worms
  A dart slug (D:2)
  18 orcs
  6 endoplasms
  5 giant cockroaches
  8 goblins
  3 hobgoblins
  7 jackals
  8 ball pythons
  8 bats
  A frilled lizard (D:2)
  12 kobolds
  7 rats
  A butterfly (D:8)
153 creatures vanquished.

Vanquished Creatures (others)
  5 fungi (D:8)
  A plant (Sewer)
6 creatures vanquished.

Grand Total: 159 creatures vanquished

Notes
Turn   | Place    | Note
-------+----------+-------------------------------------------
     0 | D:1      | 0netwelve the Hill Orc Monk began the quest for the Orb.
     0 | D:1      | Reached XP level 1. HP: 19/19 MP: 1/1
    53 | D:1      | Reached XP level 2. HP: 17/26 MP: 2/2
   112 | D:2      | Noticed Natasha
   202 | D:1      | Reached skill level 5 in Axes
   553 | D:2      | Reached XP level 3. HP: 23/31 MP: 3/3
   650 | D:2      | Reached skill level 6 in Axes
   670 | D:2      | Identified the +12 quarterstaff "Ohuasie" {freeze, Stlth+}
   741 | D:4      | Found a staircase to the Ecumenical Temple.
   750 | Temple   | Entered the Ecumenical Temple
   816 | D:4      | Noticed a black bear
   831 | D:4      | Killed a black bear
   832 | D:4      | Reached skill level 7 in Axes
   832 | D:4      | Reached XP level 4. HP: 29/39 MP: 4/4
   832 | D:4      | Reached XP level 5. HP: 33/45 MP: 5/5
  1059 | D:4      | Found a shimmering blue altar of Sif Muna.
  1061 | D:4      | Noticed Sigmund
  1127 | D:3      | Reached skill level 8 in Axes
  1150 | D:3      | Found a glowing drain.
  1154 | Sewer    | Entered a sewer
  1177 | Sewer    | Noticed a kobold brigand
  1197 | Sewer    | Killed a kobold brigand
  1198 | Sewer    | Reached XP level 6. HP: 44/51 MP: 6/6
  1629 | D:3      | Found a glowing golden altar of the Shining One.
  1633 | D:3      | Became a worshipper of the Shining One
  1633 | D:3      | Reached * piety under the Shining One
  1633 | D:3      | Reached ** piety under the Shining One
  1739 | D:3      | Reached skill level 9 in Axes
  1739 | D:3      | Reached XP level 7. HP: 7/57 MP: 3/7
  1985 | D:4      | Reached skill level 10 in Axes
  2073 | D:5      | Entered Level 5 of the Dungeon
  2185 | D:6      | Reached skill level 11 in Axes
  2190 | D:6      | Reached XP level 8. HP: 64/64 MP: 8/8
  2210 | D:6      | Noticed Blork the orc
  2212 | D:6      | Noticed Prince Ribbit
  2214 | D:6      | Killed Blork the orc
  2228 | D:6      | Killed Prince Ribbit
  2229 | D:6      | Reached skill level 12 in Axes
  2357 | D:7      | Reached skill level 5 in Fighting
  2579 | D:7      | Found a flagged portal.
  2590 | D:7      | Reached skill level 1 in Invocations
  2680 | Bailey   | Entered a bailey
  2714 | D:7      | Found a basalt altar of Yredelemnul.
  2779 | D:6      | Reached XP level 9. HP: 72/75 MP: 10/12
  2781 | D:6      | Found a stormy altar of Qazlal.
  2807 | D:6      | Reached skill level 5 in Invocations
  3178 | D:8      | Reached skill level 13 in Axes
  3421 | D:8      | Found a broken altar of Ashenzari.
  3700 | D:9      | Found a runed translucent door.
  3700 | D:9      | Noticed a guardian serpent
  3700 | D:9      | a guardian serpent changed into a salamander
  3700 | D:9      | Noticed a salamander (shapeshifter)
  3711 | D:9      | a salamander changed into an entropy weaver
  3711 | D:9      | Noticed an entropy weaver (shapeshifter)
  3724 | D:9      | Slain by an entropy weaver (shapeshifter)

Illustrated notes

Levels and vault maps discovered:
D:1:      dpeg_arrival_shrine, layout_basic
D:2:      layout_loops_corners, uniq_natasha
D:3:      layout_basic, mainiacjoe_overflow_two_lobes, gup_sewer_entry_spiral
D:4:      layout_rooms, mainiacjoe_overflow_chevrons,
          mainiacjoe_overflow_tiny_flanked, minmay_temple_entry_mist,
          kennysheep_generic_room_16, uniq_sigmund
D:5:      layout_layer_cave, nicolae_ru_path_of_blood, minmay_starry_boxes
D:6:      layout_basic, lemuel_round_altar, uniq_blork_the_orc,
          uniq_prince_ribbit1
D:7:      layout_basic, vehumet_altar_wand_db, yredelemnul_altar_generic,
          enter_bailey_5
D:8:      old_forge, layout_basic, cheibrodos_ashenzari_chains, xom_butterflies,
          erik_lair_island, minmay_crossroads
D:9:      minmay_the_grid_square_5x5_3x3 [minmay_the_grid_square_5x5_seven,
          minmay_the_grid_square_5x5_bridge, minmay_the_grid_square_5x5_empty,
          minmay_the_grid_square_5x5_two_walls_b,
          minmay_the_grid_square_5x5_megaprize_open,
          minmay_the_grid_square_5x5_shuriken,
          minmay_the_grid_square_5x5_eight_small,
          minmay_the_grid_square_5x5_shrine1,
          minmay_the_grid_square_5x5_spiral_small], layout_irregular_city,
          grunt_temple_overflow_growth_and_decay, nicolae_uskayaw_dance_hall,
          okawaru_humans, st_stairs_13, minivault_13
Temple:   hellmonk_temple_of_storms

Skill      XL: |  1  2  3  4  5  6  7  8  9 |
---------------+----------------------------+-----
Axes           | 5 7 8 9 11 12 13 | 13.9
Staves         | 2 |  2.8
Fighting       | 5 8 |  8.1
Invocations    | 4 5 |  5.6
Dodging        | |  2.4
Stealth        | |  1.5

Action                     |  1- 3 |  4- 6 |  7- 9 || total
---------------------------+-------+-------+-------++-------
  Melee: Hand axe          |   121 |       |       ||   121
         Quarterstaff      |    11 |    84 |    13 ||   108
         Whip              |     7 |       |    11 ||    18
         Punch             |     1 |       |     4 ||     5
         War axe           |       |       |   199 ||   199
  Throw: Dart              |     8 |       |    13 ||    21
 Invoke: Divine Shield     |       |     1 |     5 ||     6
  Evoke: Wand              |       |       |     4 ||     4
    Use: Potion            |     1 |     3 |     2 ||     6
         Scroll            |       |     4 |     5 ||     9
   Stab: Sleeping          |     2 |     5 |       ||     7
 Armour: Robe              |     7 |       |       ||     7
         Ring mail         |    30 |    21 |    55 ||   106
         Plate armour      |       |       |    33 ||    33
  Dodge: Dodged            |    73 |    37 |   107 ||   217
  Block: Other             |       |     2 |    32 ||    34

Table legend: (Time is in decaauts)
 A = Elapsed time spent in this place.
 B = Non-inter-level travel time spent in this place.
 C = Inter-level travel time spent in this place.
 D = Time resting spent in this place.
 E = Time spent auto-exploring this place.
 F = Levels seen in this place.
 G = Mean time per level.
                   A        B        C        D        E       F      G
               +--------+--------+--------+--------+--------+-----+--------+
         Total |   3796 |   3749 |     47 |     24 |      0 |  12 |  316.3 |
       Dungeon |   3477 |   3430 |     47 |     24 |      0 |   9 |  386.3 |
        Temple |     39 |     39 |      0 |      0 |      0 |   1 |   39.0 |
         Sewer |    266 |    266 |      0 |      0 |      0 |   1 |  266.0 |
        Bailey |     12 |     12 |      0 |      0 |      0 |   1 |   12.0 |
               +--------+--------+--------+--------+--------+-----+--------+

Top non-repeatable levels by time:
     D:3: 693 daAuts
     D:2: 548 daAuts
     D:8: 515 daAuts
     D:7: 490 daAuts
     D:6: 407 daAuts
     D:4: 352 daAuts
     D:1: 272 daAuts
   Sewer: 266 daAuts
     D:9: 102 daAuts
     D:5: 95 daAuts
  Temple: 39 daAuts
  Bailey: 12 daAuts
